 Dungeon Crawl Stone Soup version 0.30-a0-1161-g0704695555 (webtiles) character file.

Game seed: 11346948794431036720

234 MackTheKnife the Ducker (level 5, -5/40 HPs)
             Began as a Spriggan Berserker on Apr 27, 2023.
             Was a Believer of Trog.
             Hit by a javelin thrown by Edmund (8 damage)
             ... on level 4 of the Dungeon.
             The game lasted 00:05:54 (2463 turns).

MackTheKnife the Ducker (Spriggan Berserker)        Turns: 2463, Time: 00:05:55

Health: -5/40      AC:  2    Str: 13    XL:     5   Next: 75%
Magic:  6/6        EV: 20    Int:  9    God:    Trog [**....]
Gold:   61         SH:  0    Dex: 16    Spells: 4/4 levels left

rFire   . . .        a - +0 short sword {short}
rCold   . . .        (no shield)
rNeg    . . .        b - +0 animal skin
rPois   .            (helmet restricted)
rElec   .            (no cloak)
rCorr   .            (gloves unavailable)
SInv    +            (boots unavailable)
Will    .....        (no amulet) Stlth
                     (no ring)
HPRegen 0.26/turn    (no ring)
MPRegen 0.10/turn

%: no passive effects
@: berserking (expiring), very quick
A: very small, no large weapons, unfitting armour, see invisible, speed 3
a: Renounce Religion, Berserk, Trog's Hand


You were on level 4 of the Dungeon.
You worshipped Trog.
Trog was pleased with you.
You visited 1 branch of the dungeon, and saw 4 of its levels.

You collected 97 gold pieces.
You spent 36 gold pieces at shops.


Innate Abilities, Weirdness & Mutations

You are very small and have problems with some larger weapons.
You are too small for most types of armour.
You have supernaturally acute eyesight. (SInv)
You cover ground extremely quickly. (Speed+++)


   Skills:
 - Level 2.6 Fighting
 + Level 4.2 Short Blades
 + Level 6.4 Dodging
 - Level 4.9 Stealth


You had 4 spell levels left.
You didn't know any spells.
Your spell library contained the following spells:

 Spells                   Type           Power      Damage    Failure   Level
 Summon Ice Beast         Ice/Summ       0%         N/A       99%         4
 Summon Mana Viper        Hex/Summ       0%         N/A       100%        5
 Monstrous Menagerie      Summ           0%         N/A       100%        7

Inventory:

Hand Weapons
 a - a +0 short sword (weapon) {short}
 q - a +0 mace of venom {mace}
   (You took it off an orc on level 4 of the Dungeon)
Missiles
 k - 5 poisoned darts (quivered) {throwing}
Armour
 b - a +0 animal skin (worn)
Jewellery
 n - the ring of Dymaos {rElec rF- rN+ Str+2 Dex+3}
   (You found it on level 4 of the Dungeon)

   [ring of positive energy]

   Str:       It affects your strength (+2).
   Dex:       It affects your dexterity (+3).
   rF:        It makes you vulnerable to fire.
   rElec:     It insulates you from electricity.
   rN:        It protects you from negative energy.
Wands
 p - a wand of flame (13)
   (You found it on level 4 of the Dungeon)
Scrolls
 c - 4 scrolls of identify {unknown}
 d - a scroll of fog {unknown}
 f - 3 scrolls of teleportation {unknown}
 g - a scroll of enchant armour {unknown}
 j - a scroll of magic mapping {unknown}
 m - a scroll of brand weapon {unknown}
Potions
 e - a potion of mutation {unknown}
 h - 5 potions of curing {unknown}
 i - a potion of flight {unknown}
 o - a potion of haste {unknown}

Dungeon Overview and Level Annotations

Branches:
Dungeon (4/15) Zot: 22251
 Temple: D:4-7

Altars:
Dithmenos

Shops:
D:3 (

Annotations:
D:3 Natasha
D:4 Edmund

...######............
###......... ..............
............♣♣.♣♣..........
.........♣..♣.♣..♣........
##.......♣♣.....♣♣........
#............_...[........ #
#........♣♣.....♣♣........
..##........♣..♣.♣..♣........
............@.♣♣.♣♣...##....#
........@#.#.....)....##....#
...........##..#####.........
....###.##.......###..##....#
... #.##.........#......##.
#.##.#.....#.##†...###.
..##.#........†........
..##.#.....##.##...###. ...#
...#...##..........


You could see Edmund.


Message History

You throw a throwing net {=f!fthrowing}.
The throwing net {=f!fthrowing} hits the phantom.
The net passes right through the phantom!
The phantom misses you.
You see here a throwing net {=f!fthrowing}.
l - a throwing net {=f!fthrowing} The phantom hits you.
The phantom blinks!
You blink. 😮 HP[-5]
You take 5 damage, and now have 16/27 hp.
Unknown command.
A red film seems to cover your vision as you go berserk!
You feel yourself moving faster!
You feel mighty!
The phantom completely misses you. 😮 HP[+9]
You now have 40 max hp (+13).
You regained 9 hp, and now have 25/40 hp.
You puncture the phantom! The phantom barely misses you.
You hit the phantom but do no damage. You barely miss the phantom.
The phantom hits you.
The phantom blinks!
You blink. 😮 HP[-2]
You take 2 damage, and now have 23/40 hp.
You feel a strong urge to attack something.
You hit the phantom.
The phantom completely misses you. 😮 HP[+1] Unknown command.
You puncture the phantom! You barely miss the phantom. The phantom misses you.
You hit the phantom. You hit the phantom.
You destroy the phantom!
Trog accepts your kill.
You are no longer berserk.
You are exhausted.
You feel yourself slow down.
Your Short Blades skill increases to level 4!
Your Dodging skill increases to level 6! 😮 HP[-8]
You now have 27 max hp (-13).
Unknown command. 😮 HP[+1]
You start resting.
You feel yourself speed up. 😕 HP[+9]
You regained 9 hp, and now have 26/27 hp.
q - a +0 mace of venom {mace} You see here a +0 chain mail. 😎 HP[+1]
Your hp is fully restored (27).
You see here a scroll labelled SOMMEI SAT ATZ.
Edmund is nearby!
Edmund is nearby!
f - 3 scrolls labelled SOMMEI SAT ATZ (gained 1) Throw: throwing net {=f!fthrowing}
Press: ? - help, Q - select action, (/) - cycle Shift-Dir - straight line, f - Edmund
Aim: Edmund, wielding a +6 flail of protection, wearing a +3 scale mail of cold resistance and quivering javelins (64% to hit)
You throw a throwing net {=f!fthrowing}.
The throwing net {=f!fthrowing} hits Edmund.
Edmund is caught in the net!
Edmund struggles against the net.
Edmund struggles against the net.
You hit Edmund but do no damage.
Edmund struggles against the net.
You hit Edmund.
You recover from your berserk rage.
Edmund struggles against the net.
You hit Edmund but do no damage. You hit Edmund but do no damage.
Edmund struggles against the net.
The net rips apart, and Edmund comes free!
You barely miss Edmund. Edmund closely misses you.
Okay, then.
A red film seems to cover your vision as you go berserk!
You feel yourself moving faster!
You feel mighty! 😎 HP[+13]
You now have 40 max hp (+13).
Your hp is fully restored (40).
You hit Edmund but do no damage.
Edmund hits you with a +6 flail of protection! 😮 HP[-17]
You take 17 damage, and now have 23/40 hp.
MASSIVE DAMAGE!! (PAUSE)
You barely miss Edmund. You hit Edmund but do no damage.
Edmund hits you with a +6 flail of protection!
* * * LOW HITPOINT WARNING * * *
😨 HP[-11]
You take 11 damage, and now have 12/40 hp.
MASSIVE DAMAGE!! (PAUSE)
You closely miss Edmund. You hit Edmund but do no damage.
Edmund hits you with a +6 flail of protection!
* * * LOW HITPOINT WARNING * * *
😱 HP[-9]
You take 9 damage, and now have 3/40 hp.
MASSIVE DAMAGE!! (PAUSE)
Press: ? - help, v - describe, . - travel
Here: Edmund, wielding a +6 flail of protection, wearing a +3 scale mail of cold resistance and quivering javelins The floor.
You feel a strong urge to attack something.
Edmund throws a javelin.
The javelin pierces through you!
You die...

Skill      XL: |  1  2  3  4  5 |
---------------+----------------+-----
Stealth        | 2 3 4 |  4.9
Dodging        | 5 6 |  6.4
Short Blades   | 4 |  4.2
Fighting       | |  2.6

Action                     |  1- 3 |  4- 6 || total
---------------------------+-------+-------++-------
  Melee: Short sword       |   162 |    83 ||   245
         Punch             |     4 |     1 ||     5
  Throw: Throwing net      |       |     8 ||     8
 Invoke: Berserk           |     2 |     3 ||     5
   Stab: Sleeping          |     6 |     4 ||    10
         Distracted        |     1 |     2 ||     3
         Held in net/web   |       |     1 ||     1
 Armour: Animal skin       |    12 |     4 ||    16
  Dodge: Dodged            |   108 |    57 ||   165

Levels and vault maps discovered:
D:1:      amcnicky_arrival_flooded_fountain, layout_basic,
          shapermc_ecumenical_altar_venn
D:2:      layout_basic, minmay_tall_x
D:3:      minmay_recursive_quarters, layout_basic, serial_shops, shop,
          uniq_robin, uniq_natasha
D:4:      layout_basic, kiku_gazebo_pond_becter,
          mainiacjoe_overflow_small_starburst, uniq_edmund

Notes
Turn   | Place    | Note
-------+----------+-------------------------------------------
     0 | D:1      | MackTheKnife the Spriggan Berserker began the quest for the
                  | Orb.
     0 | D:1      | Reached XP level 1. HP: 11/11 MP: 2/2
     0 | D:1      | magus.rc [v1.9.6]
   201 | D:1      | You fall into a shaft and drop 1 floor!
   310 | D:1      | Reached XP level 2. HP: 16/16 MP: 3/3
   314 | D:1      | Found a faded altar of an unknown god.
   553 | D:1      | Reached skill level 1 in Stealth
   912 | D:2      | Reached skill level 2 in Stealth
   951 | D:2      | You pick up a book of Beasts {forbidden} and begin
                  | reading...
   951 | D:2      | You add the spells Summon Ice Beast, Summon Mana Viper and
                  | Monstrous Menagerie to your library.
   976 | D:2      | Reached XP level 3. HP: 19/19 MP: 4/4
  1107 | D:2      | Reached ** piety under Trog
  1531 | D:3      | Found Cepoy's Weapon Shop.
  1539 | D:3      | Bought a throwing net for 36 gold pieces
  1615 | D:3      | Reached skill level 3 in Stealth
  1773 | D:3      | Reached skill level 5 in Dodging
  1827 | D:3      | Reached XP level 4. HP: 21/23 MP: 5/5
  2015 | D:3      | Noticed Natasha
  2058 | D:3      | Reached skill level 4 in Stealth
  2114 | D:4      | Identified the ring of Dymaos {rElec rF- rN+ Str+2 Dex+3}
  2202 | D:4      | Reached XP level 5. HP: 10/27 MP: 6/6
  2307 | D:4      | Noticed Edmund
  2339 | D:4      | Found a shadowy altar of Dithmenos.
  2341 | D:4      | Noticed a phantom
  2397 | D:4      | Killed a phantom
  2398 | D:4      | Reached skill level 4 in Short Blades
  2398 | D:4      | Reached skill level 6 in Dodging
  2460 | D:4      | HP: 3/40 [Edmund/+6 flail of protection (9)]
  2463 | D:4      | Hit by a javelin thrown by Edmund

Vanquished Creatures
  A phantom (D:4)
  A hound (D:3)
  A jelly (D:4)
  A gnoll (D:3)
  An adder (D:2)
  3 worms
  3 dart slugs
  2 orcs
  5 bats
  5 endoplasms
  2 giant cockroaches
  9 goblins
  5 hobgoblins
  8 jackals
  2 quokkas (D:1)
  4 ball pythons
  A frilled lizard (D:2)
  2 kobolds (D:3)
  5 rats
61 creatures vanquished.

Table legend:
 A = Non-vault XP
 B = Vault XP
 C = Vault XP percentage of total XP
 D = Non-vault monster count
 E = Vault monster count
 F = Vault count percentage of total count
                 A         B        C        D         E       F
            +---------+---------+-------+---------+---------+-------
      Total |     239 |      96 |  28.7 |      39 |      22 |  36.1
            +---------+---------+-------+---------+---------+-------
        D:1 |      25 |       0 |   0.0 |      14 |       0 |   0.0
        D:2 |      32 |       7 |  17.9 |       9 |       4 |  30.8
        D:3 |      18 |      89 |  83.2 |       7 |      18 |  72.0
        D:4 |     164 |       0 |   0.0 |       9 |       0 |   0.0
            +---------+---------+-------+---------+---------+-------

Skill      XL: |  1  2  3  4  5 |
---------------+----------------+-----
Stealth        | 2 3 4 |  4.9
Dodging        | 5 6 |  6.4
Short Blades   | 4 |  4.2
Fighting       | |  2.6

Action                     |  1- 3 |  4- 6 || total
---------------------------+-------+-------++-------
  Melee: Short sword       |   162 |    83 ||   245
         Punch             |     4 |     1 ||     5
  Throw: Throwing net      |       |     8 ||     8
 Invoke: Berserk           |     2 |     3 ||     5
   Stab: Sleeping          |     6 |     4 ||    10
         Distracted        |     1 |     2 ||     3
         Held in net/web   |       |     1 ||     1
 Armour: Animal skin       |    12 |     4 ||    16
  Dodge: Dodged            |   108 |    57 ||   165

Illustrated notes

Table legend:
 A = Kills in this place as a percentage of kills in the entire game.
 B = Kills by you in this place as a percentage of kills by you in the entire game.
 C = Kills by friends in this place as a percentage of kills by friends in the entire game.
 D = Other kills in this place as a percentage of other kills in the entire game.
 E = Experience gained in this place as a percentage of experience gained in the entire game.
 F = Experience gained in this place divided by the number of levels of this place that you have seen.
                   A       B       C       D       E      F
               +-------+-------+-------+-------+-------+----------------------
         Total | 100.0 | 100.0 |   N/A |   N/A | 100.0 |  83.8
       Dungeon | 100.0 | 100.0 |   N/A |   N/A | 100.0 |  83.8
               +-------+-------+-------+-------+-------+----------------------

Table legend: (Time is in decaauts)
 A = Elapsed time spent in this place.
 B = Non-inter-level travel time spent in this place.
 C = Inter-level travel time spent in this place.
 D = Time resting spent in this place.
 E = Time spent auto-exploring this place.
 F = Levels seen in this place.
 G = Mean time per level.
                   A        B        C        D        E       F      G
               +--------+--------+--------+--------+--------+-----+--------+
         Total |   1748 |   1682 |     66 |    305 |    813 |   4 |  437.0 |
       Dungeon |   1748 |   1682 |     66 |    305 |    813 |   4 |  437.0 |
               +--------+--------+--------+--------+--------+-----+--------+

Top non-repeatable levels by time:
     D:3: 504 daAuts
     D:1: 499 daAuts
     D:2: 457 daAuts
     D:4: 286 daAuts
